 Dungeon Crawl Stone Soup version 0.30.0-18-gc0e69614cb (webtiles) character file.

Game seed: 16985605455389669553

4 booth the Chopper (level 1, 0/20 HPs)
             Began as a Gnoll Reaver on May 24, 2023.
             Slain by a gnoll
             ... wielding a +0 club
              (4 damage)
             ... on level 1 of the Dungeon.
             The game lasted 00:01:09 (184 turns).

booth the Chopper (Gnoll Reaver)                     Turns: 184, Time: 00:01:10

Health: 0/20       AC:  3    Str: 11    XL:     1   Next: 60%
Magic:  6/6        EV: 12    Int: 12    God:
Gold:   2          SH:  0    Dex: 10    Spells: 8/9 levels left

rFire   . . .        a - +0 hand axe
rCold   . . .        (no shield)
rNeg    . . .        b - +0 leather armour
rPois   .            (no helmet)
rElec   .            (no cloak)
rCorr   .            (no gloves)
SInv    .            (no boots)
Will    .....        (no amulet)
Stlth   +            (no ring)
HPRegen 0.23/turn    (no ring)
MPRegen 0.10/turn

%: no passive effects
@: no status effects
A: fangs 1, strong nose, distributed training
a: no special abilities


You were on level 1 of the Dungeon.
You visited 1 branch of the dungeon, and saw 1 of its levels.

You collected 2 gold pieces.

Inventory:

Hand Weapons
 a - a +0 hand axe (weapon)
Armour
 b - a +0 leather armour (worn)


   Skills:
 + Level 4.4 Fighting
 + Level 0.1 Short Blades
 + Level 0.1 Long Blades
 + Level 6.4 Axes
 + Level 0.1 Maces & Flails
 + Level 0.1 Polearms
 + Level 0.1 Staves
 + Level 0.1 Ranged Weapons
 + Level 0.1 Throwing
 + Level 0.1 Armour
 + Level 4.4 Dodging
 + Level 0.1 Stealth
 + Level 0.1 Shields
 + Level 0.1 Unarmed Combat
 + Level 4.9 Spellcasting
 + Level 5.3 Conjurations
 + Level 0.1 Hexes
 + Level 0.1 Summonings
 + Level 0.1 Necromancy
 + Level 0.1 Translocations
 + Level 0.1 Transmutations
 + Level 0.1 Fire Magic
 + Level 0.1 Ice Magic
 + Level 0.1 Air Magic
 + Level 0.1 Earth Magic
 + Level 0.1 Poison Magic
 + Level 0.2 Invocations
 + Level 0.1 Evocations


You had 8 spell levels left.
You knew the following spells:

 Your Spells              Type           Power      Damage    Failure   Level
a - Kiss of Death         Conj/Necr      36%        2d8       9%          1

Your spell library contained the following spells:

 Spells                   Type           Power      Damage    Failure   Level
 Momentum Strike          Conj/Tloc      18%        3d8       13%         2
 Hailstorm                Conj/Ice       9%         3d4       26%         3


Dungeon Overview and Level Annotations

Branches:
Dungeon (1/15)

Altars:


Innate Abilities, Weirdness & Mutations

You have very sharp teeth.
Your uncanny sense of smell can sniff out nearby items.
Your experience applies equally to all skills.


Message History

The bat hits you but does no damage.
You hit the bat.
You kill the bat!
Found a stone staircase leading down.
A goblin comes into view. It is wielding a +0 club.
The goblin shouts!
You hit the goblin but do no damage. The goblin hits you with a +0 club.
You closely miss the goblin. Your bite misses the goblin.
The goblin closely misses you.
You hit the goblin.
You kill the goblin!
Things that are here:
a +0 club; a goblin corpse
Found a yellow potion.
c - a yellow potion HP restored.
Save game and exit?
Welcome back, booth the Gnoll Reaver.
Press ? for a list of commands and other information.
Things that are here:
a +0 club; a goblin corpse You open the door.
A gnoll comes into view. It is wielding a +0 club.
The gnoll shouts!
You closely miss the gnoll. The gnoll hits you with a +0 club!
You barely miss the gnoll. You bite the gnoll, but do no damage.
The gnoll hits you with a +0 club.
You hit the gnoll. Your bite misses the gnoll.
The gnoll is moderately wounded.
The gnoll closely misses you.
You hit the gnoll.
The gnoll is severely wounded.
The gnoll hits you with a +0 club.
* * * LOW HITPOINT WARNING * * *
It was a potion of cancellation.
You feel magically purged. The gnoll closely misses you.
You hit the gnoll.
The gnoll is severely wounded.
The gnoll hits you with a +0 club.
You die...

#..## ### ## #..# ##.##
#. #..####...#########.
#...................
##.####...########## ###
### ##.## ##...
###########
#.....###....>....###
.P..P.g@#.# #.....#
#P....#...#####.....####
##... ###.##............
### ###
#.......#.....#... #.#
###.###.#.....#### #.#
######.........###
#.######...)......#####
#........##########
##########


You could see a gnoll.

Vanquished Creatures
  2 goblins (D:1)
  A ball python (D:1)
  A bat (D:1)
4 creatures vanquished.

Notes
Turn   | Place    | Note
-------+----------+-------------------------------------------
     0 | D:1      | booth the Gnoll Reaver began the quest for the Orb.
     0 | D:1      | Reached XP level 1. HP: 20/20 MP: 6/6
   184 | D:1      | Slain by a gnoll

Illustrated notes

Levels and vault maps discovered:
D:1:      grunt_arrival_lava_bath, layout_loops_ring, serial_shops,
          nicolae_shop_trees, shapermc_ecumenical_altar_flowoftime

Action                     || total
---------------------------++-------
  Melee: Hand axe          ||    18
         Bite              ||     1
    Use: Potion            ||     1
 Armour: Leather armour    ||     4
  Dodge: Dodged            ||    12
